 Dungeon Crawl Stone Soup version 0.21.0 (webtiles) character file.

79 MovingMist the Skirmisher (level 4, -5/40 HPs)
             Began as a Hill Orc Fighter on Jan 7, 2018.
             Slain by Pikel
             ... wielding a +1 whip of freezing
              (9 damage)
             ... on level 4 of the Dungeon.
             The game lasted 00:04:03 (1988 turns).

MovingMist the Skirmisher (Hill Orc Fighter)        Turns: 1988, Time: 00:04:04

Health: -5/40      AC:  7    Str: 18    XL:     4   Next: 37%
Magic:  4/4        EV:  7    Int:  8    God:
Gold:   144        SH:  9    Dex: 11    Spells: 0/3 levels left

rFire    . . .     SeeInvis .   a - +0 war axe
rCold    . . .     Gourm    .   c - +0 shield
rNeg     . . .     Faith    .   b - +0 scale mail
rPois    .         Spirit   .   (no helmet)
rElec    .         Reflect  .   (no cloak)
rCorr    .         Harm     .   (no gloves)
MR       .....                  (no boots)
Stlth    ..........             (no amulet)
HPRegen  0.13/turn              (no ring)
MPRegen  0.09/turn              (no ring)

@: no status effects
A: no striking features
a: no special abilities


You were on level 4 of the Dungeon.
You were not hungry.

You visited 1 branch of the dungeon, and saw 4 of its levels.

You collected 144 gold pieces.

Inventory:

Hand Weapons
 a - a +0 war axe (weapon)
Armour
 b - a +0 scale mail (worn)
 c - a +0 shield (worn)
Wands
 o - a wand of iceblast (7)
Scrolls
 h - 2 scrolls of identify {unknown}
 j - a scroll of magic mapping {unknown}
 l - 2 scrolls of amnesia {unknown}
 n - 3 scrolls of remove curse {unknown}
 s - a scroll of teleportation {unknown}
Potions
 d - a potion of might
 e - 2 potions of berserk rage {unknown}
 g - 2 potions of curing {unknown}
 i - 2 potions of heal wounds
 k - a potion of resistance
 p - a potion of lignification {unknown}
 r - a potion of degeneration {unknown}
Books
 m - a book of Misfortune

   Spells                             Type                      Level
   a - Confusing Touch                Hexes                        1
   b - Confuse                        Hexes                        3
   c - Gell's Gravitas                Translocation                3
   d - Petrify                        Transmutation/Earth          4
   e - Metabolic Englaciation         Hexes/Ice                    5
   f - Yara's Violent Unravelling     Hexes/Transmutation          5
Comestibles
 f - 6 rations
 q - a chunk of flesh


   Skills:
 + Level 4.1 Fighting
 + Level 3.4 Axes
 + Level 3.8 Armour
 * Level 1.3 Dodging
 - Level 3.8 Shields


You couldn't memorise any spells.
You knew the following spells:

 Your Spells              Type           Power        Failure   Level  Hunger
a - Confuse               Hex            #.......     100%        3    ####...


Dungeon Overview and Level Annotations

Branches:
Dungeon (4/15)
 Temple: D:4-7

Altars:
Ashenzari
Cheibriados
Kikubaaqudgha
Uskayaw

Annotations:
D:3 Grinder; Leibowitz's ghost, amateur MfGl
D:4 Pikel


Message History

Pikel is moderately wounded.
Pikel misses you.
You barely miss Pikel.
Pikel is moderately wounded.
Your transformation has ended.
Your +0 war axe unmelds from your body.
Your +0 shield unmelds from your body.
Your +0 scale mail unmelds from your body.
You slash Pikel!
Pikel is heavily wounded.
Pikel hits you but does no damage. You block Pikel's attack.
You closely miss Pikel.
Pikel is heavily wounded.
Pikel hits you with a whip of freezing!
* * * LOW HITPOINT WARNING * * *
Pikel freezes you.
* * * LOW HITPOINT WARNING * * *
You miss Pikel.
Pikel is heavily wounded.
Pikel hits you with a whip of freezing!
You die...

.p# .p# #p# #p# #.#
#### #K# ## ...# #.#
..
...######.##########.#
...'.....>.ppppK@....#
...################..#
.<.# ..# ...# ..# .#.#
S.# .... ..# .#.## #.#
.#.# .# . .#


You could see Pikel and 4 slaves.

Vanquished Creatures
  A worker ant (D:4)
  An adder (D:2)
  A worm (D:3)
  4 dart slugs
  A leopard gecko (D:3)
  6 bats
  A giant cockroach (D:3)
  5 goblins
  7 hobgoblins
  A quokka (D:2)
  3 frilled lizards (D:1)
  2 kobolds (D:1)
33 creatures vanquished.

Notes
Turn   | Place    | Note
-------+----------+-------------------------------------------
     0 | D:1      | MovingMist the Hill Orc Fighter began the quest for the Orb.
     0 | D:1      | Reached XP level 1. HP: 19/19 MP: 1/1
    63 | D:1      | Reached XP level 2. HP: 22/27 MP: 2/2
   527 | D:2      | Reached XP level 3. HP: 33/33 MP: 3/3
   567 | D:2      | Found a shattered altar of Ashenzari.
   754 | D:2      | Found a hide-covered altar of Uskayaw.
   824 | D:2      | Found an ancient bone altar of Kikubaaqudgha.
  1136 | D:3      | Noticed Grinder
  1139 | D:3      | Noticed Leibowitz's ghost (amateur MfGl)
  1180 | D:3      | Paralysed by Grinder for 5 turns
  1457 | D:3      | Reached skill level 1 in Dodging
  1459 | D:3      | Found a snail-covered altar of Cheibriados.
  1532 | D:3      | Reached skill level 4 in Fighting
  1924 | D:4      | Reached XP level 4. HP: 29/40 MP: 4/4
  1935 | D:4      | Learned a level 3 spell: Confuse
  1947 | D:4      | Noticed a slave
  1950 | D:4      | Noticed Pikel
  1950 | D:4      | Noticed a slave
  1950 | D:4      | Noticed a slave
  1952 | D:4      | Noticed a slave
  1988 | D:4      | Slain by Pikel

Skill      XL: |  1  2  3 |
---------------+----------+-----
Axes           | 3 |  3.4
Dodging        | 1 |  1.3
Fighting       | 4 |  4.1
Armour         | |  3.8
Shields        | |  3.8

Action                   |  1- 3 |  4- 6 || total
-------------------------+-------+-------++-------
Melee: War axe           |   153 |    12 ||   165
       Unarmed           |       |     9 ||     9
  Use: Potion            |       |     1 ||     1
  Eat: Chunk             |     3 |     1 ||     4
Armor: Scale mail        |    69 |     2 ||    71
Dodge: Dodged            |    55 |     8 ||    63
Block: Shield            |    82 |     4 ||    86
